 Dungeon Crawl Stone Soup version 0.20-a0-723-gf57855b (webtiles) character file.

905 Maia the Vexing (level 8, -12/54 HPs)
             Began as a Human Arcane Marksman on Feb 22, 2017.
             Mangled by Menkaure (23 damage)
             ... on level 5 of the Dungeon.
             The game lasted 00:23:43 (10504 turns).

Maia the Vexing (Human Arcane Marksman)            Turns: 10504, Time: 00:23:43

Health: -12/54     AC:  3    Str: 12    XL:     8   Next: 29%
Magic:  11/14      EV: 18    Int: 15    God:
Gold:   176        SH:  0    Dex: 18    Spells: 2/15 levels left

rFire    . . .     SeeInvis .   a - +0 shortbow
rCold    . . .     Gourm    .   e - +0 robe
rNeg     . . .     Faith    .   (shield currently unavailable)
rPois    .         Spirit   .   (no helmet)
rElec    .         Reflect  .   (no cloak)
rCorr    +         Harm     .   i - +0 pair of gloves
MR       +....                  (no boots)
Stlth    +++.......             s - amulet of magic regeneration
Regen    0.2/turn               x - ring of protection from magic
MPRegen  0.3/turn               t - ring of resist corrosion

@: agile, very slightly contaminated, invisible
A: no striking features
a: no special abilities


You were on level 5 of the Dungeon.
You were not hungry.

You visited 1 branch of the dungeon, and saw 6 of its levels.

You collected 176 gold pieces.

Inventory:

Hand Weapons
 a - a +0 shortbow (weapon)
 b - a +0 spear
Missiles
 d - 71 arrows (quivered)
Armour
 e - a +0 robe (worn)
 i - a +0 pair of gloves (worn)
Jewellery
 s - an amulet of magic regeneration (around neck)
 t - a ring of resist corrosion (left hand)
 x - a ring of protection from magic (right hand)
Wands
 q - a wand of acid (0/15)
Scrolls
 g - 2 scrolls of amnesia
 j - 5 scrolls of remove curse
 k - a scroll of enchant armour
 m - 3 scrolls of recharging
 w - a scroll of magic mapping
Potions
 n - a potion of agility
 p - a potion of curing
Books
 c - a book of Debilitation

   Spells                             Type                      Level
   a - Corona                         Hexes                        1
   b - Slow                           Hexes                        2
   c - Inner Flame                    Hexes/Fire                   3
   d - Portal Projectile              Hexes/Translocation          3
   e - Cause Fear                     Hexes                        4
   f - Leda's Liquefaction            Hexes/Earth                  4
Comestibles
 f - a bread ration
 h - a meat ration
 u - 2 royal jellies


   Skills:
 - Level 1.0 Fighting
 - Level 5.1 Bows
 - Level 2.0 Dodging
 - Level 4.0 Spellcasting
 - Level 6.2 Hexes
 + Level 0.0 Translocations
 - Level 2.1 Fire Magic


You had 2 spell levels left.
You knew the following spells:

 Your Spells              Type           Power        Failure   Level  Hunger
a - Corona                Hex            ###....      1%          1    None
b - Slow                  Hex            ###.....     1%          2    ##.....
c - Inner Flame           Hex/Fire       ###.....     12%         3    ###....
d - Portal Projectile     Hex/Tloc       ##....       17%         3    ###....
e - Cause Fear            Hex            ###.......   17%         4    ####...


Dungeon Overview and Level Annotations

Branches:
Dungeon (6/15)
 Temple: D:4-7

Altars:
Makhleb
Ru
Sif Muna
Trog
The Shining One

Annotations:
D:4 cortexin's ghost, amateur OpAs
D:5 Menkaure
D:6 exclusion: zombie


Message History

Menkaure seems to speed up.
It was a potion of invisibility.
You fade into invisibility!
Menkaure calls on the powers of darkness!
Your body is wracked with pain!
* * * LOW HITPOINT WARNING * * *
You are very lightly contaminated with residual magic.
Press: ? - help, v - describe, . - travel, g - get item
Here: Menkaure (moderately damaged, fast) 2 arrows.
The floor, spattered with blood.
Unknown command.
Unknown command.
You feel better.
Menkaure calls on the powers of darkness!
Your body is wracked with pain!
* * * LOW HITPOINT WARNING * * *
You feel agile all of a sudden. Menkaure closely misses you.
Menkaure hits you!!
You die...

############
..((((M@...#
##########.#
####.## #.....#
#.##..# #รท##..#
#.##..######
#####.#........#
...........#####.#


You could see Menkaure.

Vanquished Creatures
  Prince Ribbit (D:5)
  Edmund (D:5)
  A phantom (D:6)
  An ice beast (D:5)
  2 crimson imps
  A jelly (D:6)
  An orc priest (D:5)
  A hound (D:6)
  2 orc wizards (D:5)
  A hound zombie (D:6)
  A hound skeleton (D:4)
  6 adders
  A shadow imp (D:5)
  An ooze (D:1)
  2 worms (D:2)
  4 dart slugs (D:1)
  8 leopard geckos
  8 orcs
  6 giant cockroaches
  11 goblins
  9 hobgoblins
  A quokka (D:2)
  3 ball pythons
  15 bats
  5 frilled lizards (D:1)
  A giant cockroach zombie (D:5)
  8 kobolds
  A leopard gecko skeleton (D:6)
  A quokka skeleton (D:6)
  3 rats (D:1)
107 creatures vanquished.

Notes
Turn   | Place    | Note
-------+----------+-------------------------------------------
     0 | D:1      | Maia the Human Arcane Marksman began the quest for the Orb.
     0 | D:1      | Reached XP level 1. HP: 15/15 MP: 2/2
   218 | D:1      | Reached XP level 2. HP: 21/21 MP: 1/3
   222 | D:1      | Learned a level 2 spell: Slow
   668 | D:1      | Reached XP level 3. HP: 24/26 MP: 4/4
  2403 | D:1      | Reached XP level 4. HP: 32/32 MP: 5/5
  4564 | D:2      | Found a burning altar of Makhleb.
  4568 | D:2      | Found a bloodstained altar of Trog.
  4571 | D:2      | Found a deep blue altar of Sif Muna.
  4571 | D:2      | Found a glowing golden altar of the Shining One.
  4572 | D:2      | Found a sacrificial altar of Ru.
  5286 | D:2      | Found a sacrificial altar of Ru.
  5287 | D:2      | Found a glowing golden altar of the Shining One.
  5287 | D:2      | Found a bloodstained altar of Trog.
  5288 | D:2      | Found a deep blue altar of Sif Muna.
  5288 | D:2      | Found a burning altar of Makhleb.
  5894 | D:2      | Found a sacrificial altar of Ru.
  5896 | D:2      | Found a glowing golden altar of the Shining One.
  5896 | D:2      | Found a deep blue altar of Sif Muna.
  5896 | D:2      | Found a burning altar of Makhleb.
  5896 | D:2      | Found a bloodstained altar of Trog.
  6169 | D:2      | Found a bloodstained altar of Trog.
  6170 | D:2      | Found a burning altar of Makhleb.
  6171 | D:2      | Found a deep blue altar of Sif Muna.
  6171 | D:2      | Found a glowing golden altar of the Shining One.
  6172 | D:2      | Found a sacrificial altar of Ru.
  6455 | D:2      | Reached XP level 5. HP: 35/37 MP: 6/6
  6657 | D:2      | Reached skill level 4 in Hexes
  6679 | D:2      | Learned a level 3 spell: Inner Flame
  6750 | D:2      | Found a sacrificial altar of Ru.
  6752 | D:2      | Found a glowing golden altar of the Shining One.
  6752 | D:2      | Found a deep blue altar of Sif Muna.
  6752 | D:2      | Found a burning altar of Makhleb.
  6752 | D:2      | Found a bloodstained altar of Trog.
  7748 | D:4      | Noticed a hand axe
  7993 | D:4      | Noticed cortexin's ghost (amateur OpAs)
  8062 | D:4      | You fall through a shaft for 2 floors!
  8091 | D:6      | Reached skill level 5 in Bows
  8091 | D:6      | Reached XP level 6. HP: 19/43 MP: 7/7
  8428 | D:6      | Reached skill level 1 in Fire Magic
  8756 | D:6      | Noticed a phantom
  8786 | D:6      | Killed a phantom
  8786 | D:6      | Reached XP level 7. HP: 35/48 MP: 8/8
  8933 | D:6      | Reached skill level 5 in Hexes
  9044 | D:5      | Entered Level 5 of the Dungeon
  9326 | D:5      | Noticed Edmund
  9357 | D:5      | Killed Edmund
  9513 | D:5      | Learned a level 3 spell: Portal Projectile
 10125 | D:5      | Reached XP level 8. HP: 8/54 MP: 14/14
 10357 | D:5      | Noticed Prince Ribbit
 10369 | D:5      | Killed Prince Ribbit
 10369 | D:5      | Reached skill level 6 in Hexes
 10483 | D:5      | Learned a level 4 spell: Cause Fear
 10490 | D:5      | Noticed Menkaure
 10504 | D:5      | Mangled by Menkaure

Vault maps used:
D:1:      eino_arrival_cavern_c
D:2:      grunt_temple_overflow_open
D:3:      corexii_shack_village
D:4:      dancing_weapons_uskayaw
D:5:      first_bread, uniq_prince_ribbit1, uniq_menkaure, uniq_edmund

Skill      XL: |  1  2  3  4  5  6  7  8 |
---------------+-------------------------+-----
Bows           | 3 4 5 |  5.1
Hexes          | 4 5 6 |  6.2
Fire Magic     | 2 |  2.1
Spellcasting   | 4 |  4.0
Fighting       | |  1.0
Dodging        | |  2.0

Action                   |  1- 3 |  4- 6 |  7- 9 || total
-------------------------+-------+-------+-------++-------
Melee: Spear             |   135 |   292 |    46 ||   473
 Fire: Shortbow          |       |    88 |    61 ||   149
 Cast: Corona            |     3 |    22 |     8 ||    33
       Slow              |       |     3 |     9 ||    12
       Portal Projectile |       |       |     1 ||     1
       Cause Fear        |       |       |     1 ||     1
Evoke: Wand              |       |       |     6 ||     6
  Use: Scroll            |       |    10 |     1 ||    11
       Potion            |       |       |     4 ||     4
 Stab: Sleeping          |     2 |     3 |       ||     5
  Eat: Chunk             |     5 |    17 |     2 ||    24
       Bread ration      |       |     1 |     1 ||     2
Armor: Robe              |    30 |    52 |    19 ||   101
Dodge: Dodged            |    68 |   198 |    43 ||   309
